 Dungeon Crawl Stone Soup version 0.29.0-4-gdea44cf6ec (webtiles) character file.

Game seed: 4425200959163149255

18 qw the Chopper (level 2, 0/17 HPs)
             Began as a Tengu Warper on Aug 28, 2022.
             Succumbed to their own poison gas
             ... on level 1 of the Dungeon.
             The game lasted 00:00:05 (1257 turns).

qw the Chopper (Tengu Warper)                       Turns: 1257, Time: 00:00:06

Health: 0/17       AC:  8    Str: 11    XL:     2   Next: 70%
Magic:  6/6        EV:  5    Int: 13    God:
Gold:   19         SH:  0    Dex: 13    Spells: 5/5 levels left

rFire   . . .      SeeInvis .   Y - +0 hand axe
rCold   . . .      Faith    .   (no shield)
rNeg    . . .      Spirit   .   g - +0 chain mail
rPois   .          Reflect  .   (helmet restricted)
rElec   .          Harm     .   (no cloak)
rCorr   .          Rampage  .   (no gloves)
Will    .....                   (boots unavailable)
Stlth   ..........              (no amulet)
HPRegen 0.05/turn               (no ring)
MPRegen 0.10/turn               (no ring)

@: lethally poisoned (0 -> -2)
A: beak, talons 3
a: no special abilities


You were on level 1 of the Dungeon.
You visited 1 branch of the dungeon, and saw 1 of its levels.

You collected 19 gold pieces.


Innate Abilities, Weirdness & Mutations

You have a beak for a mouth.
You have claws for feet.


   Skills:
 - Level 2.0 Fighting
 + Level 3.5 Axes
 - Level 1.0 Throwing
 - Level 1.1 Armour
 - Level 2.1 Dodging
 - Level 2.0 Spellcasting
 - Level 2.4 Translocations


You had 5 spell levels left.
You didn't know any spells.
Your spell library contained the following spells:

 Spells                   Type           Power      Damage    Failure   Level
 Blink                    Tloc           14%        N/A       100%        2
 Gell's Gravitas          Tloc           7%         N/A       100%        3
 Lesser Beckoning         Tloc           7%         N/A       100%        3
 Teleport Other           Tloc           7%         N/A       100%        3
 Manifold Assault         Tloc           7%         N/A       100%        5

Inventory:

Hand Weapons
 h - a +0 whip
 Y - a +0 hand axe (weapon)
Armour
 g - a +0 chain mail (worn)
Potions
 i - a potion of degeneration {unknown}
 j - a potion of might {unknown}

Dungeon Overview and Level Annotations

Branches:
Dungeon (1/15)

Altars:

Shops:
D:1 :


Message History

Done exploring.
1246 ||| READING scroll labelled RUYNIG NETAE.
As you read the scroll labelled RUYNIG NETAE, it crumbles to dust.
It is a scroll of identify.
Really abort (and waste the scroll)?
Done exploring.
1247 ||| READING scroll labelled SEBBIO KAANURAPN.
The air fills with toxic fumes!
As you read the scroll labelled SEBBIO KAANURAPN, it crumbles to dust.
It was a scroll of poison.
Done exploring.
1248 ||| DROPPING scroll of blinking.
You drop a scroll of blinking.
Done exploring.
(D) Dungeon
Where to? (* - list waypoints, ? - help)
What level of the Dungeon? (default 1, ? - help) Sorry, I don't know how to get there.
Done exploring.
1249 ||| Stepping randomly (stuck).
Really walk into that cloud of poison gas?
You are engulfed in poison gas.
You are poisoned.
You feel very sick.
1250 ||| Stepping ~*~*~tactically~*~*~ (cloud).
You feel very sick.
Things that are here:
a scroll of blinking; a +0 leather armour
There is a lethal amount of poison in your body!
You feel sick.
There is a lethal amount of poison in your body!
You feel sick.
There is a lethal amount of poison in your body!
You feel sick.
There is a lethal amount of poison in your body!
You feel sick.
There is a lethal amount of poison in your body!
You feel sick.
There is a lethal amount of poison in your body!
You feel sick.
There is a lethal amount of poison in your body!
You die...

.....##.#####....#####.#####.####
.....##....#.¤(¤¤¤..##.#####.####
.........0....¤¤¤#..+.........'..
.........00...000#.######.#######
.........¤¤¤..0¤.#.#...........##
#.#......0¤¤¤.#00########.#######
.........000¤0#¤00.....##.# #
#.#......¤000¤0.¤#####0##.# #
...#.....0¤.0000@0000.0##'# #
#.##.....¤¤¤¤############.# #
...#.....¤...##...........# #
#.#########.......#######.# #
...# #####.#..# #.# # #.## #.##.#
#.# # ...# #.##.######.# # #.##
#.##..##....####### ###
#.###............##


There were no monsters in sight!

Vanquished Creatures
  2 endoplasms (D:1)
  A giant cockroach (D:1)
  A goblin (D:1)
  2 quokkas (D:1)
  2 ball pythons (D:1)
  2 bats (D:1)
  2 frilled lizards (D:1)
  2 kobolds (D:1)
  4 rats (D:1)
18 creatures vanquished.

Notes
Turn   | Place    | Note
-------+----------+-------------------------------------------
     0 | D:1      | qw the Tengu Warper began the quest for the Orb.
     0 | D:1      | Reached XP level 1. HP: 12/12 MP: 4/4
     0 | D:1      | 0 ||| qw: Version: 0.1-a-89-g26bdef1
     0 | D:1      | 0 ||| qw: Game counter: 1426
     0 | D:1      | 0 ||| qw: Always use a shield: true
     0 | D:1      | 0 ||| qw: God list: Okawaru
     0 | D:1      | 0 ||| qw: Allow faded altars: false
     0 | D:1      | 0 ||| qw: Do Orc after D:15 true
     0 | D:1      | 0 ||| qw: Do second Lair branch before Depths: true
     0 | D:1      | 0 ||| qw: Lair rune preference: random
     0 | D:1      | 0 ||| qw: Plans: Normal
     0 | D:1      | 0 ||| PLANNING D:1-11
    63 | D:1      | Found a faded altar of an unknown god.
   270 | D:1      | Reached XP level 2. HP: 15/17 MP: 6/6
   374 | D:1      | Reached skill level 3 in Axes
   511 | D:1      | Found Racor's Book Boutique.
  1234 | D:1      | 1234 ||| UPGRADING to +0 chain mail.
  1244 | D:1      | 1244 ||| DROPPING +0 leather armour.
  1245 | D:1      | 1245 ||| READING scroll labelled NATELOTZUC.
  1246 | D:1      | 1246 ||| READING scroll labelled RUYNIG NETAE.
  1247 | D:1      | 1247 ||| READING scroll labelled SEBBIO KAANURAPN.
  1248 | D:1      | 1248 ||| DROPPING scroll of blinking.
  1249 | D:1      | 1249 ||| Stepping randomly (stuck).
  1250 | D:1      | 1250 ||| Stepping ~*~*~tactically~*~*~ (cloud).
  1252 | D:1      | HP: 4/17 [poisoned by you (poison gas)]
  1256 | D:1      | HP: 1/17 [poisoned by you (poison gas)]
  1257 | D:1      | Succumbed to their own poison gas

Levels and vault maps discovered:
D:1:      shiori_shiawase, layout_basic, serial_shops, nicolae_diamond_shop,
          shapermc_ecumenical_altar_gd, st_stairs_10

Skill      XL: |  1  2 |
---------------+-------+-----
Axes           | 3 |  3.5
Fighting       | |  2.0
Throwing       | |  1.0
Armour         | |  1.1
Dodging        | |  2.1
Spellcasting   | |  2.0
Translocations | |  2.4

Action                   || total
-------------------------++-------
Melee: Hand axe          ||    38
       Kick              ||     9
       Peck              ||     3
Throw: Boomerang         ||     7
  Use: Scroll            ||     3
Armor: Leather armour    ||     2
Dodge: Dodged            ||    12

Table legend:
 A = Non-vault XP
 B = Vault XP
 C = Vault XP percentage of total XP
 D = Non-vault monster count
 E = Vault monster count
 F = Vault count percentage of total count
                 A         B        C        D         E       F
            +---------+---------+-------+---------+---------+-------
      Total |      23 |       4 |  14.8 |      16 |       2 |  11.1
            +---------+---------+-------+---------+---------+-------
        D:1 |      23 |       4 |  14.8 |      16 |       2 |  11.1
            +---------+---------+-------+---------+---------+-------
